 Dungeon Crawl Stone Soup version 0.26.1-2-gb8aa6d0cf2 (webtiles) character file.

Game seed: 12054163395593217169

49 windgrace the Skirmisher (level 3, -3/30 HPs)
             Began as a Barachi Fighter on Feb 12, 2021.
             Killed from afar by an orc wizard (10 damage)
             ... with a puff of flame
             ... on level 2 of the Dungeon.
             The game lasted 00:04:34 (1010 turns).

windgrace the Skirmisher (Barachi Fighter)          Turns: 1010, Time: 00:04:35

Health: -3/30      AC:  8    Str: 14    XL:     3   Next: 75%
Magic:  3/3        EV:  6    Int:  8    God:
Gold:   44         SH:  0    Dex: 11    Spells: 2/2 levels left

rFire    . . .     SeeInvis .   a - +1 long sword
rCold    . . .     Faith    .   c - +0 kite shield
rNeg     . . .     Spirit   .   b - +0 scale mail
rPois    .         Reflect  .   i - +0 helmet (curse)
rElec    .         Harm     .   (no cloak)
rCorr    .         Rampage  .   (no gloves)
Will     .....                  (no boots)
Stlth    ..........             k - amulet of regeneration
HPRegen  0.50/turn              h - -4 ring of strength (curse)
MPRegen  0.08/turn              (no ring)

@: confused, mighty, lethally poisoned (-3 -> -3), slow
A: +LOS, swims, slowness 1, strong legs 1
a: Hop


You were on level 2 of the Dungeon.
You visited 1 branch of the dungeon, and saw 2 of its levels.

You collected 44 gold pieces.

Inventory:

Hand Weapons
 a - a +1 long sword (weapon)
 j - a +0 vampiric hand axe
Armour
 b - a +0 scale mail (worn)
 c - a +0 kite shield (worn)
 i - a cursed +0 helmet (worn)
Jewellery
 h - a cursed -4 ring of strength (left hand)
 k - an amulet of regeneration (around neck)
Scrolls
 g - a scroll of identify
 l - a scroll of enchant weapon
Potions
 f - a potion of curing {unknown}
 m - a potion of magic {unknown}


   Skills:
 + Level 4.1 Fighting
 + Level 3.1 Long Blades
 + Level 4.1 Armour
 + Level 3.8 Shields


You had 2 spell levels left.
You didn't know any spells.
Your spell library was empty.

Dungeon Overview and Level Annotations

Branches:
Dungeon (2/15)

Altars:


Innate Abilities, Weirdness & Mutations

You can be seen from farther away. (+LOS)
You can swim through water.
You cover ground slowly.
You can hop short distances.


Message History

The adder bites you but does no damage. Something hits you.
You miss something. The adder bites you but does no damage.
Something hits you but does no damage. The adder completely misses you.
The orc priest mumbles some strange prayers to Beogh against you.
Beogh smites you!
* * * LOW HITPOINT WARNING * * *
You feel much better.
You feel sick. The adder barely misses you. Something completely misses you.
You bump into the rock wall.
The adder bites you. Something hits you.
The orc priest invokes the aid of Beogh against you.
Beogh smites you! The adder bites you.
* * * LOW HITPOINT WARNING * * *
You feel very mighty all of a sudden.
You feel sick. Something hits you but does no damage.
The adder bites you but does no damage.
You bump into the closed door.
You hear some strange, mumbled words.
A puff of flame appears from out of thin air!
The puff of flame hits you!
You die...

#.............#.#
#........#..#.# #
#........#..#.#
#.#.....##.#..#.#
#.##.#.#.....##.#..#.#
.............##.#.....
...#.#.....##.#....# #
#.##+###.#....# #
#ogS@.........#
####.#.#.o#{###.#.#..#
.........##.# #.#
####.#...........
............>.
##.###....###.. #.
#...... # #.......
#.##....#


You could see an orc priest, an adder, an orc and a hobgoblin.

Vanquished Creatures
  An adder (D:2)
  A worm (D:2)
  A dart slug (D:1)
  A leopard gecko (D:1)
  A ball python (D:1)
  2 giant cockroaches (D:1)
  3 hobgoblins (D:1)
  A quokka (D:2)
  8 bats (D:1)
  2 frilled lizards (D:1)
  5 goblins (D:1)
  3 kobolds (D:1)
  4 rats (D:1)
33 creatures vanquished.

Notes
Turn   | Place    | Note
-------+----------+-------------------------------------------
     0 | D:1      | windgrace the Barachi Fighter began the quest for the Orb.
     0 | D:1      | Reached XP level 1. HP: 18/18 MP: 1/1
   115 | D:1      | Reached XP level 2. HP: 25/25 MP: 2/2
   477 | D:1      | Reached XP level 3. HP: 29/30 MP: 3/3
  1010 | D:2      | Killed from afar by an orc wizard

Illustrated notes

Levels and vault maps discovered:
D:1:      psy_arrival_dodecagon, layout_basic, roderic_roman_lattice
D:2:      layout_basic, minmay_tall_x

Skill      XL: |  1  2  3 |
---------------+----------+-----
Armour         | 4 |  4.1
Fighting       | 4 |  4.1
Long Blades    | 3 |  3.1
Shields        | |  3.8

Action                   || total
-------------------------++-------
Melee: Long sword        ||   106
  Use: Scroll            ||     3
       Potion            ||     2
Armor: Scale mail        ||    71
Dodge: Dodged            ||    30
Block: Kite shield       ||    49
       Rpst.: Long sword ||    11
